 Dungeon Crawl Stone Soup version 0.26.0-45-g9c1d065592 (webtiles) character file.

Game seed: 7388497987335077938

9041 jlumianski the Cleaver (level 11, -9/97 HPs)
             Began as a Palentonga Fighter on Jan 31, 2021.
             Was an Elder of Okawaru.
             Mangled by a boulder beetle (26 damage)
             ... on level 10 of the Dungeon.
             The game lasted 00:56:04 (13905 turns).

jlumianski the Cleaver (Palentonga Fighter)        Turns: 13905, Time: 00:56:05

Health: -9/97      AC: 18    Str: 22    XL:     11   Next: 17%
Magic:  10/11      EV:  8    Int: 10    God:    Okawaru [****..]
Gold:   122        SH: 16    Dex:  9    Spells: 10/10 levels left

rFire    + . .     SeeInvis +   D - +1 war axe (freeze)
rCold    . . .     Faith    .   c - +1 kite shield
rNeg     . . .     Spirit   .   b - +0 scale mail
rPois    +         Reflect  +   E - +0 hat
rElec    .         Harm     .   v - +1 cloak
rCorr    .         Rampage  .   X - +0 pair of gloves
Will     +....     Clarity  +   (no barding)
Stlth    ..........             i - amulet of reflection
HPRegen  0.26/turn              Y - ring of protection from fire
MPRegen  0.12/turn              Q - ring of willpower

@: curled up
A: large, horns 1, rugged brown scales 3, see invisible, clarity, deformed body,
poison resistance, wild magic 1, roll 1, armoured tail, reflexive curl
a: Rolling Charge, Renounce Religion, Heroism


You were on level 10 of the Dungeon.
You worshipped Okawaru.
Okawaru was greatly pleased with you.
You visited 2 branches of the dungeon, and saw 11 of its levels.
You also visited: Sewer.

You collected 565 gold pieces.
You spent 443 gold pieces at shops.

Inventory:

Hand Weapons
 j - a +6 spectral quarterstaff
 r - a +2 quarterstaff of draining
 u - a +2 vorpal hand axe
 B - a +2 spear of venom
 C - the +7 dagger "Killer Klown's Doom" {venom, rPois MP+9 Dex+2}
   (You took it off an orc on level 3 of the Dungeon)

   It poisons the flesh of those it strikes.
   It affects your dexterity (+2).
   It protects you from poison.
   It affects your magic capacity (+9).
 D - a +1 war axe of freezing (weapon)
 U - a +1 vorpal morningstar
Missiles
 g - 6 silver boomerangs
 m - 51 poisoned darts (quivered)
 x - 7 boomerangs
 O - 11 atropa-tipped darts
Armour
 b - a +0 scale mail (worn)
 c - a +1 kite shield (worn)
 o - a +0 chain mail
 v - a +1 cloak (worn)
 E - a +0 hat (worn)
 X - a +0 pair of gloves (worn)
Magical Staves
 S - an uncursed staff of death {unknown}
Jewellery
 a - an uncursed ring of poison resistance
 i - an amulet of reflection (around neck)
 M - an uncursed ring of protection from fire
 Q - a ring of willpower (right hand)
 Y - a ring of protection from fire (left hand)
Wands
 e - a wand of enslavement (9)
 A - a wand of polymorph (14)
 N - a wand of digging (2)
 P - a wand of flame (32)
 W - a wand of paralysis (9)
Scrolls
 d - 2 scrolls of immolation {unknown}
 q - 4 scrolls of blinking
 s - a scroll of random uselessness {unknown}
 w - 4 scrolls of fog
 y - 4 scrolls of identify
 z - 7 scrolls of teleportation
 H - 4 scrolls of amnesia
 I - 3 scrolls of remove curse
 J - a scroll of fear
 K - 4 scrolls of magic mapping
 R - a scroll of enchant weapon {unknown}
Potions
 f - a potion of attraction
 h - a potion of ambrosia
 k - 2 potions of heal wounds
 l - 3 potions of lignification
 n - 3 potions of haste
 t - 5 potions of brilliance
 F - 2 potions of invisibility
 G - a potion of mutation
 T - a potion of flight
 V - a potion of cancellation {unknown}


   Skills:
 + Level 6.4 Fighting
 + Level 10.1 Axes
 + Level 1.0 Throwing
 + Level 6.1 Armour
 + Level 3.8 Dodging
 - Level 0.1 Stealth
 + Level 7.1 Shields
 * Level 5.7 Evocations


You had 10 spell levels left.
You didn't know any spells.
Your spell library contained the following spells:

 Spells                   Type           Power        Failure   Level
 Animate Skeleton         Necr           0%           86%         1
 Magic Dart               Conj           0%           86%         1
 Pain                     Necr           0%           86%         1
 Searing Ray              Conj           0%           95%         2
 Dazzling Flash           Conj/Hex       0%           99%         3
 Vampiric Draining        Necr           0%           99%         3
 Animate Dead             Necr           0%           100%        4
 Fulminant Prism          Conj/Hex       0%           100%        4
 Iskenderun's Mystic Bla  Conj/Tloc      0%           100%        4
 Agony                    Necr           0%           100%        5


Dungeon Overview and Level Annotations

Branches:
Dungeon (10/15)            Temple (1/1) D:6           Sewer (visited)
   Lair: D:8-11         Orc: D:9-12

Altars:
Dithmenos
Elyvilon
Fedhas
Gozag
Kikubaaqudgha
Makhleb
Okawaru
Qazlal
Ru
Uskayaw
Vehumet
Wu Jian
Beogh

Shops:
D:5 =   D:8 (


Innate Abilities, Weirdness & Mutations

You are completely covered in rugged brown scales. (AC +3, +7% HP)
You have supernaturally acute eyesight. (SInv)
Armour fits poorly on your strangely shaped body.
You can roll at nearby foes to attack.
You have a long armoured tail.
You curl defensively after being hit.
You have a pair of small horns on your head.
You possess an exceptional clarity of mind.
Your system is resistant to poisons. (rPois)
Your spells are a little harder to cast, but a little more powerful.


Message History

The boulder beetle is severely wounded.
The boulder beetle leaps!
Roll where?
Press: ? - help, Dir - move target, f/p - boulder beetle
Aim: a boulder beetle (severely wounded)
You roll forward with a clatter of scales!
You slash the boulder beetle! You freeze the boulder beetle.
You tail-slap the boulder beetle.
The boulder beetle is almost dead.
You block the boulder beetle's attack.
You hit the boulder beetle but do no damage.
You headbutt the boulder beetle, but do no damage.
Your tail-slap misses the boulder beetle.
The boulder beetle is almost dead.
You hit the boulder beetle but do no damage.
You tail-slap the boulder beetle, but do no damage.
The boulder beetle is almost dead.
You feel like a meek peon again. The boulder beetle bites you!!
You die...

#.# #.#..####.####.##
##.###.# #...#..........
..>....###≈.≈###.####.#.
##.###.#.≈.≈.≈.#.# .#
...≈.≈..#.# ##
#.≈._.≈.#.# ...≈.≈....#
..≈._.≈.B.# ...≈.≈..#@#
..≈.≈.≈.#°# .##≈?≈###°#
#... #°# ##.. #.# ##.
#.# #.# #.# #.#


You could see a boulder beetle.

Vanquished Creatures
  Harold (D:8)
  A two-headed ogre (D:8)
  Psyche (D:8)
  Maurice (D:9)
  Joseph (D:6)
  Grum (D:7)
  6 yaks (D:7)
  A water moccasin (D:5)
  Duvessa (D:6)
  Purgy (Sewer)
  3 black bears
  An ice beast (D:6)
  6 orc warriors
  2 phantoms
  3 sky beasts
  3 wolves (D:7)
  6 ogres
  5 centaurs
  The ghost of kreisler the Sneak, an amateur OpBr (D:3)
  A big kobold (D:7)
  4 bullfrogs
  Dowan (D:6)
  2 water moccasin skeletons (D:6)
  A scorpion (D:8)
  6 killer bees
  A bullfrog zombie (D:5)
  A quasit (D:8)
  5 hounds
  13 orc wizards
  7 gnoll shamans
  6 orc priests
  A jelly (D:8)
  4 iguanas
  A bullfrog skeleton (D:8)
  12 worker ants
  A killer bee zombie (D:8)
  A hound zombie (D:5)
  A hound skeleton (D:8)
  A howler monkey zombie (D:8)
  A worker ant zombie (D:7)
  47 gnolls
  6 adders
  A river rat (D:5)
  2 shadow imps (D:8)
  2 white imps
  An ooze (D:7)
  3 adder skeletons
  4 worms
  A dart slug (D:3)
  5 leopard geckos
  59 orcs
  A ball python (D:5)
  2 bats
  4 giant cockroaches
  8 goblins
  4 hobgoblins
  33 jackals
  10 kobolds
  3 quokkas (D:8)
  2 frilled lizards
  A quokka skeleton (D:9)
  5 rats
320 creatures vanquished.

Vanquished Creatures (others)
  A kobold (D:3)
  6 fungi (D:7)
  15 plants
22 creatures vanquished.

Grand Total: 342 creatures vanquished

Notes
Turn   | Place    | Note
-------+----------+-------------------------------------------
     0 | D:1      | jlumianski the Palentonga Fighter began the quest for the
                  | Orb.
     0 | D:1      | Reached XP level 1. HP: 20/20 MP: 1/1
   171 | D:1      | Reached XP level 2. HP: 22/27 MP: 2/2
  1074 | D:2      | Reached XP level 3. HP: 33/33 MP: 3/3
  1657 | D:2      | Reached XP level 4. HP: 40/40 MP: 4/4
  1753 | D:2      | Reached skill level 3 in Axes
  2351 | D:3      | Reached XP level 5. HP: 30/48 MP: 5/5
  2907 | D:3      | Found a runed translucent gate.
  2907 | D:3      | Noticed kreisler's ghost (amateur OpBr)
  2908 | D:3      | Identified the +7 dagger "Killer Klown's Doom" {venom,
                  | rPois MP+9 Dex+2}
  2910 | D:3      | Found a runed translucent gate.
  2910 | D:3      | Found a runed translucent gate.
  2911 | D:3      | Found a roughly hewn altar of Beogh.
  3441 | D:3      | Reached XP level 6. HP: 51/54 MP: 6/6
  3468 | D:3      | Reached skill level 4 in Axes
  3517 | D:3      | Reached skill level 1 in Dodging
  4146 | D:3      | Gained mutation: You curl defensively after being hit.
                  | [Palentonga growth]
  4146 | D:3      | Reached XP level 7. HP: 57/62 MP: 7/7
  4641 | D:3      | Killed kreisler's ghost
  4642 | D:3      | Reached skill level 5 in Axes
  4962 | D:5      | Entered Level 5 of the Dungeon
  4977 | D:5      | Found a glowing drain.
  4986 | Sewer    | Entered a sewer
  5060 | Sewer    | Noticed Purgy
  5068 | Sewer    | Killed Purgy
  5529 | D:5      | Reached XP level 8. HP: 28/70 MP: 8/8
  5532 | D:5      | Reached skill level 6 in Axes
  6257 | D:5      | Found a white marble altar of Elyvilon.
  6257 | D:5      | Found a blossoming altar of Fedhas.
  6260 | D:5      | Found an ornate altar of the Wu Jian Council.
  6262 | D:5      | Found a sacrificial altar of Ru.
  6263 | D:5      | Found a stormy altar of Qazlal.
  6263 | D:5      | Found a radiant altar of Vehumet.
  6264 | D:5      | Found an opulent altar of Gozag.
  6404 | D:5      | Reached skill level 5 in Shields
  6870 | D:5      | Found Jeal's Jewellery Shoppe.
  6965 | D:6      | Reached skill level 1 in Evocations
  7062 | D:7      | Reached skill level 7 in Axes
  7301 | D:6      | Noticed Duvessa
  7301 | D:6      | Noticed Dowan
  7646 | D:6      | Killed Duvessa
  7820 | D:6      | Killed Dowan
  7821 | D:6      | Reached XP level 9. HP: 72/78 MP: 9/9
  8271 | D:6      | Reached skill level 5 in Fighting
  8287 | D:6      | Found a staircase to the Ecumenical Temple.
  8298 | Temple   | Entered the Ecumenical Temple
  8356 | Temple   | Became a worshipper of Warmaster Okawaru
  8678 | D:7      | Reached skill level 8 in Axes
  8784 | D:5      | Bought an uncursed ring of willpower for 300 gold pieces
  8828 | D:6      | Gained mutation: Your system is resistant to poisons.
                  | (rPois) [potion of mutation]
  8828 | D:6      | Gained mutation: You have a pair of small horns on your
                  | head. [potion of mutation]
  8828 | D:6      | Gained mutation: You possess an exceptional clarity of
                  | mind. [potion of mutation]
  8828 | D:6      | Gained mutation: Your spells are a little harder to cast,
                  | but a little more powerful. [potion of mutation]
  8892 | D:7      | Noticed Joseph
  8902 | D:6      | Killed Joseph
  8903 | D:6      | Reached skill level 5 in Armour
  9096 | D:7      | Reached * piety under Okawaru
  9179 | D:7      | You fall into a shaft and drop 1 floor!
  9200 | D:8      | Found Nics's Antique Weapon Shop.
  9808 | D:7      | Reached XP level 10. HP: 73/86 MP: 10/10
 10131 | D:9      | Reached skill level 9 in Axes
 10221 | D:8      | Noticed a two-headed ogre
 10250 | D:8      | Killed a two-headed ogre
 10250 | D:8      | Reached ** piety under Okawaru
 10490 | D:8      | Noticed Harold
 10523 | D:8      | Killed Harold
 10775 | D:8      | Noticed Psyche
 10785 | D:8      | Killed Psyche
 10785 | D:8      | Reached *** piety under Okawaru
 10786 | D:8      | Reached skill level 1 in Throwing
 10932 | D:9      | Reached skill level 5 in Evocations
 11411 | D:8      | Bought a runed war axe for 143 gold pieces
 11486 | D:7      | Reached **** piety under Okawaru
 11740 | D:8      | Noticed Grum
 12128 | D:7      | Killed Grum
 12129 | D:7      | Reached XP level 11. HP: 95/95 MP: 8/11
 12187 | D:8      | Reached skill level 10 in Axes
 12330 | D:8      | Received a gift from Okawaru
 12468 | D:9      | Noticed Maurice
 13466 | D:10     | Entered Level 10 of the Dungeon
 13812 | D:9      | Killed Maurice
 13848 | D:10     | Found an ornate altar of the Wu Jian Council.
 13849 | D:10     | Noticed a boulder beetle
 13882 | D:10     | Found a hide-covered altar of Uskayaw.
 13905 | D:10     | Mangled by a boulder beetle

Illustrated notes

Levels and vault maps discovered:
D:1:      dpeg_arrival_stonehenge_8_columns, layout_basic
D:2:      layout_basic
D:3:      lemuel_castle_with_subvaults [lemuel_castle_interior_carwin_2],
          layout_basic, biasface_ghost_orc_armoury
D:4:      layout_loops_corners
D:5:      layout_loops_ring, grunt_temple_overflow_open, portal_sewer_entry_b,
          serial_shops, nicolae_shop_temple_entry_statues_fountains
D:6:      layout_basic, minmay_temple_entry_waves, uniq_duvessa
D:7:      kennysheep_seaside_town, layout_basic, uniq_joseph
D:8:      layout_gridville, serial_shops, shop, uniq_harold, uniq_grum,
          uniq_psyche
D:9:      layout_irregular_city, uniq_maurice
D:10:     layout_basic, lair_entry_dummy, nzn_masters_of_martial_movement
Temple:   regret_index_temple_generic_petals

Skill      XL: |  1  2  3  4  5  6  7  8  9 10 11 |
---------------+----------------------------------+-----
Armour         | 3 4 5 6 |  6.1
Axes           | 3 4 5 7 8 9 10 | 10.1
Shields        | 3 4 5 6 7 |  7.1
Dodging        | 1 2 3 |  3.8
Fighting       | 4 5 6 |  6.4
Evocations     | 2 3 5 |  5.7
Throwing       | 1 |  1.0
Stealth        | |  0.1

Action                   |  1- 3 |  4- 6 |  7- 9 | 10-12 || total
-------------------------+-------+-------+-------+-------++-------
Melee: War axe           |    99 |    34 |   412 |   293 ||   838
       Tailslap          |     8 |    25 |    48 |    46 ||   127
       Hand axe          |       |   195 |    49 |       ||   244
       Headbutt          |       |       |    15 |    48 ||    63
Throw: Dart              |       |     3 |     4 |     2 ||     9
       Boomerang         |       |       |     5 |       ||     5
Invok: Heroism           |       |       |       |     2 ||     2
 Abil: Rolling Charge    |    21 |    22 |    43 |    29 ||   115
  Use: Scroll            |     7 |     1 |     3 |     2 ||    13
       Potion            |     3 |     1 |     7 |     1 ||    12
Armor: Scale mail        |    32 |    49 |   119 |   106 ||   306
Dodge: Dodged            |    14 |    32 |    67 |    97 ||   210
Block: Kite shield       |    65 |   200 |   373 |   288 ||   926
       Reflection        |       |     5 |    14 |    11 ||    30
